 Dungeon Crawl Stone Soup version 0.28.0 (webtiles) character file.

Game seed: 10532499168475000273

1343 Chicka the Ducker (level 8, -3/61 HPs)
             Began as a Djinni Fire Elementalist on Mar 25, 2022.
             Slain by an orc warrior (24 damage)
             ... on level 5 of the Dungeon on Mar 26, 2022.
             The game lasted 01:08:34 (7424 turns).

Chicka the Ducker (Djinni Fire Elementalist)        Turns: 7424, Time: 01:08:35

Health: -3/61      AC:  2    Str:  7    XL:     8   Next: 93%
Gold:   180        EV: 14    Int: 19    God:
                   SH:  0    Dex: 14

rFire   + + .      SeeInvis .   c - +0 mace
rCold   . . .      Faith    .   (no shield)
rNeg    . . .      Spirit   .   a - +0 robe
rPois   ∞          Reflect  .   (no helmet)
rElec   .          Harm     .   (no cloak)
rCorr   .          Rampage  .   (no gloves)
Will    +....                   (boots unavailable)
Stlth   ++........              (no amulet)
HPRegen 0.20/turn               f - ring of willpower
MPRegen 0.00/turn               i - ring of protection from cold

@: flying
A: sickness immunity, fire resistance 2, cold vulnerability 1, float, innate
caster, HP casting, extra vitality 1
a: no special abilities


You were on level 5 of the Dungeon.
You visited 1 branch of the dungeon, and saw 6 of its levels.

You collected 180 gold pieces.

Inventory:

Hand Weapons
 c - a +0 mace (weapon)
 n - a +0 short sword
 w - a +1 great sword
 z - a +5 great sword of freezing
 E - a +2 dagger of pain
Missiles
 b - 136 stones
 o - 4 silver javelins
 y - 4 boomerangs
Armour
 a - a +0 robe (worn)
 d - a +0 leather armour
Jewellery
 f - a ring of willpower (left hand)
 i - a ring of protection from cold (right hand)
Wands
 v - a wand of iceblast (8)
 F - a wand of charming (11)
Scrolls
 j - a scroll of fear {unknown}
 k - a scroll of teleportation {unknown}
 m - 2 scrolls of blinking {unknown}
 p - a scroll of acquirement {unknown}
 t - a scroll of amnesia {unknown}
 A - 2 scrolls of summoning {unknown}
 C - 2 scrolls of enchant armour {unknown}
 D - a scroll of magic mapping {unknown}
 G - a scroll of identify {unknown}
Potions
 e - 2 potions of degeneration {unknown}
 g - 3 potions of curing {unknown}
 h - a potion of magic {unknown}
 l - 2 potions of invisibility {unknown}
 q - a potion of mutation {unknown}
 r - a potion of attraction {unknown}
 s - a potion of berserk rage {unknown}
 u - a potion of might {unknown}
 x - a potion of ambrosia {unknown}
 B - a potion of brilliance {unknown}


   Skills:
 + Level 5.7 Fighting
 + Level 6.3 Dodging
 - Level 2.4 Stealth
 + Level 5.1 Spellcasting


You couldn't memorise any spells.
You knew the following spells:

 Your Spells              Type           Power      Damage    Failure   Level
a - Foxfire               Conj/Fire      96%        2x1d8     1%          1
b - Scorch                Fire           48%        2d7       2%          2
c - Conjure Flame         Conj/Fire      24%        6-21      4%          3
d - Inner Flame           Hex/Fire       24%        N/A       4%          3
e - Flame Wave            Conj/Fire      24%        2d7       14%         4
f - Beastly Appendage     Tmut           48%        N/A       1%          1
g - Call Imp              Summ           24%        N/A       2%          2
h - Vampiric Draining     Necr           24%        2d7       4%          3
Your spell library was empty.

Dungeon Overview and Level Annotations

Branches:
Dungeon (6/15)
 Temple: D:4-7

Altars:
Gozag
Ru

Shops:
D:5 *

Annotations:
D:4 Sigmund


Innate Abilities, Weirdness & Mutations

You are immune to sickness and miasma.
You are immune to poison.
Your flesh is very heat resistant. (rF++)
You are vulnerable to cold. (rC-)
You float through the air rather than walking.
You learn spells naturally, not from books.
Your magical power is your life essence.
You have superior vitality. (+4 MHP)


Message History

You kill the centaur!
You start resting.
Your foxfire dissipates!
You start resting.
An orc warrior comes into view. It is wielding a +3 long sword.
There is a stone staircase leading up here.
You fly upwards.
There is a stone staircase leading down here.
You start resting.
HP restored.
You fly downwards.
The orc warrior hits you with a +3 long sword! x2
There is a stone staircase leading up here.
The orc warrior closely misses you.
You fly upwards.
There is a stone staircase leading down here.
Casting: Foxfire (safe; 1% risk of failure)
Press: ? - help, Q - select action, (/) - cycle Dir - look around, f - activate You conjure some foxfire!
The orc warrior closely misses you.
Casting: Foxfire (safe; 1% risk of failure)
Confirm with . or Enter, or press ? or * to list all spells.
Flames lash the orc warrior.
The orc warrior is lightly wounded.
The orc warrior's fire resistance burns away.
The foxfire hits the orc warrior but does no damage.
The orc warrior is lightly wounded.
The foxfire hits the orc warrior but does no damage.
The orc warrior is lightly wounded.
The orc warrior hits you with a +3 long sword!
Casting: Scorch (safe; 2% risk of failure)
Confirm with . or Enter, or press ? or * to list all spells.
Flames lash the orc warrior.
The orc warrior is burned terribly!
The orc warrior is lightly wounded.
The orc warrior misses you.
Casting: Scorch (safe; 2% risk of failure)
Confirm with . or Enter, or press ? or * to list all spells.
Flames lash the orc warrior but do no damage.
The orc warrior hits you with a +3 long sword!!
You die...

#.................####..###
#...............##......<..
####..........................
#..................##.......##
#.#.............#############.
#............+#.# ###...
#..####.####[)#+##### ###...#.
#..##.....##.o......###...####
#..#.......#.@......'...###..#
#..#.......#........##.##....#
#......_.............#..#..⌠..
#..#.......#.......#.##.##....
##.#.......#.....###..#..#..#.
#.##.....##.....# ##.##.####.
#.####.####.....####..#..#.).
#............#####....##...##
#####........# #.....#.###.


You could see an orc warrior (combustible).

Vanquished Creatures
  An ice beast (D:5)
  A necrophage (D:2)
  An ogre (D:4)
  3 centaurs
  A phantom (D:5)
  3 scorpions
  4 wights (D:4)
  2 bullfrog zombies (D:5)
  2 hounds (D:4)
  A centaur skeleton (D:5)
  A bullfrog skeleton (D:5)
  A jelly (D:4)
  An orc wizard (D:5)
  An iguana (D:5)
  A hound skeleton (D:5)
  6 adders
  A white imp (D:5)
  An ufetubus (D:5)
  A worm (D:3)
  3 dart slugs
  10 orcs
  9 bats
  6 endoplasms
  5 giant cockroaches
  9 goblins
  8 hobgoblins
  7 jackals
  6 quokkas
  5 ball pythons
  5 frilled lizards
  5 kobolds
  4 rats
115 creatures vanquished.

Vanquished Creatures (collateral kills)
  2 foxfires (D:1)
2 creatures vanquished.

Vanquished Creatures (others)
  261 foxfires
  2 plants (D:1)
263 creatures vanquished.

Grand Total: 380 creatures vanquished

Notes
Turn   | Place    | Note
-------+----------+-------------------------------------------
     0 | D:1      | Chicka the Djinni Fire Elementalist began the quest for the
                  | Orb.
     0 | D:1      | Reached XP level 1. HP: 15/15 MP: 0/0
   366 | D:1      | Reached XP level 2. HP: 19/22 MP: 0/0
   444 | D:1      | Reached skill level 1 in Fighting
   668 | D:1      | Reached XP level 3. HP: 25/27 MP: 0/0
   668 | D:1      | Learned a level 1 spell: Beastly Appendage
  1115 | D:2      | Found a sacrificial altar of Ru.
  1163 | D:2      | Reached skill level 3 in Dodging
  1632 | D:2      | Reached XP level 4. HP: 33/33 MP: 0/0
  2058 | D:3      | Found a faded altar of an unknown god.
  2103 | D:3      | Noticed a necrophage
  2147 | D:2      | Killed a necrophage
  2148 | D:2      | Reached XP level 5. HP: 5/39 MP: 0/0
  2148 | D:2      | Learned a level 2 spell: Call Imp
  3051 | D:3      | Reached skill level 4 in Dodging
  3051 | D:3      | Reached XP level 6. HP: 40/45 MP: 0/0
  4435 | D:4      | Reached XP level 7. HP: 49/50 MP: 0/0
  4435 | D:4      | Learned a level 3 spell: Vampiric Draining
  5070 | D:4      | Noticed Sigmund
  5275 | D:5      | Entered Level 5 of the Dungeon
  5626 | D:5      | Reached skill level 5 in Dodging
  5643 | D:5      | Reached XP level 8. HP: 44/58 MP: 0/0
  6049 | D:5      | Reached skill level 5 in Fighting
  6580 | D:5      | Found an opulent altar of Gozag.
  6621 | D:5      | Reached skill level 6 in Dodging
  6750 | D:5      | Found Anebemag's Overcharged Wands.
  6799 | D:5      | Reached skill level 5 in Spellcasting
  7424 | D:5      | Slain by an orc warrior

Illustrated notes

Levels and vault maps discovered:
D:1:      dpeg_arrival_morbid_curiosity, layout_loops_ring, serial_bayou_ford_a,
          hangedman_decor_points
D:2:      layout_loops_ring, serial_rivers, chequers_serial_rivers_small_3,
          chequers_serial_rivers_marsh, chequers_serial_rivers_large_a,
          chequers_serial_rivers_micro_a, chequers_serial_rivers_marsh,
          basic_altar
D:3:      layout_basic, ebering_ecumenical_altar_sacrificial
D:4:      nicolae_cairo_tiling_large, layout_loops_corners, grunt_ministairs_1,
          uniq_sigmund
D:5:      minmay_skewed_foursquare, layout_basic, old_standard_altar,
          nicolae_shop_overcharged_wands
D:6:      layout_basic, minmay_temple_entry_large_hall, serial_co_window_serial,
          co_window_corner_a, co_window_corner_a, co_window_of_opportunity_a,
          co_window_paths_b, co_window_corner_a, co_window_broadway_a,
          co_window_paths_c, co_window_2corner, co_window_2corner,
          glass_columns_a, glass_columns_b, glass_columns_a

Skill      XL: |  1  2  3  4  5  6  7  8 |
---------------+-------------------------+-----
Fighting       | 1 2 3 4 5 |  5.7
Dodging        | 3 4 5 6 |  6.3
Spellcasting   | 3 4 5 |  5.1
Stealth        | 2 |  2.4

Action                   |  1- 3 |  4- 6 |  7- 9 || total
-------------------------+-------+-------+-------++-------
Melee: Mace              |     4 |     8 |       ||    12
 Cast: Foxfire           |    41 |    53 |    63 ||   157
       Scorch            |     2 |    32 |    46 ||    80
       Conjure Flame     |       |     3 |     2 ||     5
       Vampiric Draining |       |       |     1 ||     1
       Call Imp          |       |       |     1 ||     1
Armor: Robe              |     6 |    13 |     2 ||    21
Dodge: Dodged            |    15 |    51 |    27 ||    93
